 Dungeon Crawl Stone Soup version 0.30-a0-778-g2ef04afb54 (console) character file.

Game seed: 9881736395202035028

387 rlgrobin the Cleaver (level 7, -5/57 HPs)
             Began as a Meteoran Fighter on Feb 17, 2023.
             Splashed by a jelly's acid (8 damage)
             ... on level 6 of the Dungeon.
             The game lasted 00:02:49 (561 turns).

rlgrobin the Cleaver (Meteoran Fighter)              Turns: 561, Time: 00:02:49

Health: -5/57      AC:  2    Str: 19    XL:     7   Next: 28%
Magic:  8/8        EV:  7    Int: 10    God:
Gold:   138        SH:  5    Dex: 14    Spells: 6/6 levels left

rFire   . . .      SeeInvis .    a - +0 war axe
rCold   . . .      Faith    .    c - +0 buckler
rNeg    . . .      Spirit   .    n - +0 chain mail
rPois   .          Reflect  .    (no helmet)
rElec   .          Harm     .    (no cloak)
rCorr   .          Rampage  .    g - +0 pair of gloves
Will    .....                    (no boots) Stlth
                                 (no amulet)
HPRegen 0.29/turn                (no ring)
MPRegen 0.11/turn                (no ring)

@: corroded, glowing
A: sense surroundings 1, otherworldly, glowing, explore regen
a: no special abilities


You were on level 6 of the Dungeon.
You visited 1 branch of the dungeon, and saw 6 of its levels.

You collected 138 gold pieces.

Inventory:

Hand Weapons
 a - a +0 war axe (weapon)
 d - a +2 flail of draining
 r - a +2 sling of electrocution
Missiles
 e - 3 poisoned darts (quivered)
Armour
 c - a +0 buckler (worn)
 g - a +0 pair of gloves (worn)
 n - a +0 chain mail (worn)
Scrolls
 h - 2 scrolls of identify {unknown}
 i - 2 scrolls of blinking {unknown}
 j - a scroll of vulnerability {unknown}
 o - a scroll of immolation {unknown}
 p - a scroll of poison {unknown}
 q - a scroll of enchant armour {unknown}
Potions
 b - 3 potions of curing {unknown}
 f - a potion of haste {unknown}
 k - a potion of lignification {unknown}
 l - a potion of ambrosia {unknown}
 m - 2 potions of resistance {unknown}


   Skills:
 - Level 3.2 Fighting
 + Level 8.4 Axes
 - Level 3.6 Armour
 - Level 3.6 Shields


You had 6 spell levels left.
You didn't know any spells.
Your spell library was empty.

Dungeon Overview and Level Annotations

Branches:
Dungeon (6/15) Zot: 3014
 Temple: D:4-7

Altars:
Hepliaklqana
The Shining One


Innate Abilities, Weirdness & Mutations

You passively map a small area around you.
You are easily found by Zot.
You glow in the dark.
You regain HP and MP as you explore.


Message History

You are too injured to fight recklessly!
You slash the orc priest!
You kill the orc priest!
q - a scroll labelled WEROLLUINT
Things that are here:
a +0 mace; a +0 leather armour A jelly comes into view.
Things that are here:
a +0 whip; an orc corpse
Things that are here:
a +0 club; an orc corpse You see here a +2 sling of electrocution.
You see here a +0 ring mail.
The jelly quivers.
You see here a +2 sling of electrocution.
r - a +2 sling of electrocution
Things that are here:
a +0 club; an orc corpse The jelly hits you but does no damage.
Things that are here:
a +0 mace; a +0 leather armour You barely miss the jelly.
The jelly hits you but does no damage.
You slash the jelly!
Your hands burn!
The jelly is heavily wounded.
The jelly hits you. The acid corrodes you!
You are splashed with acid!
You hit the jelly.
Your hands burn!
The jelly is heavily wounded.
The jelly hits you. The acid corrodes you!
You are splashed with acid!
* * * LOW HITPOINT WARNING * * *
You hit the jelly but do no damage.
Your hands burn!
* * * LOW HITPOINT WARNING * * *
The jelly is heavily wounded.
You block the jelly's attack.
You hit the jelly but do no damage.
Your hands burn!
* * * LOW HITPOINT WARNING * * *
The jelly is heavily wounded.
The jelly hits you.
* * * LOW HITPOINT WARNING * * *
You are splashed with acid!
You die...

# , * ##.. , *, #.
##..## .. , ...
##....##.. , ....###*
##[..#*#... ........###
##...###....
..........###..........#
#..## #................#
, .....
###..)...))......# *
..... ##.####.@J.....# *
*, #.##.####..#
###.....## ,
#..##.#....# *.....#
...........# * ....... ,
...##:#......#
**.......,
..#####......... .......
, ...##
##................
....## .................
.....#........... *


You could see a jelly.

Vanquished Creatures
  Edmund (D:4)
  An ice beast (D:4)
  2 hounds
  An orc priest (D:6)
  4 gnolls (D:4)
  2 adders
  An ufetubus (D:4)
  3 orcs (D:6)
  2 endoplasms
  3 giant cockroaches
  A goblin (D:1)
  3 hobgoblins
  4 jackals (D:2)
  4 bats
  A rat (D:2)
33 creatures vanquished.

Vanquished Creatures (others)
  4 fungi (D:1)
4 creatures vanquished.

Grand Total: 37 creatures vanquished

Notes
Turn   | Place    | Note
-------+----------+-------------------------------------------
     0 | D:1      | rlgrobin the Meteoran Fighter began the quest for the Orb.
     0 | D:1      | Reached XP level 1. HP: 19/19 MP: 2/2
    39 | D:1      | Reached skill level 3 in Axes
    39 | D:1      | Reached XP level 2. HP: 24/26 MP: 3/3
   252 | D:2      | Reached XP level 3. HP: 28/31 MP: 4/4
   301 | D:2      | Reached skill level 4 in Axes
   354 | D:3      | Reached XP level 4. HP: 29/38 MP: 5/5
   366 | D:3      | Reached skill level 5 in Axes
   384 | D:4      | Reached XP level 5. HP: 34/45 MP: 6/6
   414 | D:4      | Found a hazy altar of Hepliaklqana.
   415 | D:4      | Noticed Edmund
   415 | D:4      | Noticed an ice beast
   424 | D:4      | Killed an ice beast
   425 | D:4      | Reached skill level 7 in Axes
   425 | D:4      | Reached XP level 6. HP: 45/51 MP: 7/7
   429 | D:4      | Killed Edmund
   430 | D:4      | Reached skill level 8 in Axes
   430 | D:4      | Reached XP level 7. HP: 28/57 MP: 8/8
   453 | D:4      | Found a glowing golden altar of the Shining One.
   484 | D:5      | Entered Level 5 of the Dungeon
   561 | D:6      | Splashed by a jelly's acid

Illustrated notes

Levels and vault maps discovered:
D:1:      lightli_arrival_quake, layout_rooms, minivault_11,
          chequers_hall_statues_y, nicolae_concentric_dashed_squares_mild,
          minmay_strange_pillars, chequers_serial_rivers_small_b,
          dreamdust_mushroom_princess
D:2:      layout_loops_ring, nicolae_half_adder
D:3:      layout_basic, amcnicky_altar_gilded, lemuel_doored_altar,
          serial_shops, shop_statue, shop_fountains, shop,
          nicolae_ecumenical_lake_church
D:4:      layout_rooms, mainiacjoe_overflow_catwalk_spiral, uniq_menkaure,
          uniq_edmund
D:5:      layout_basic, minmay_temple_entry_slanted, nicolae_fountain_basement,
          uniq_blork_the_orc
D:6:      layout_cave_pools, mainiacjoe_overflow_alcove_2

Skill      XL: |  1  2  3  4  5  6 |
---------------+-------------------+-----
Axes           | 3 4 5 7 8 |  8.4
Fighting       | |  3.2
Armour         | |  3.6
Shields        | |  3.6

Action                     |  1- 3 |  4- 6 |  7- 9 || total
---------------------------+-------+-------+-------++-------
  Melee: War axe           |    47 |    17 |    23 ||    87
    Use: Potion            |       |     1 |       ||     1
 Armour: Scale mail        |    37 |       |       ||    37
         Chain mail        |     9 |    11 |     9 ||    29
  Dodge: Dodged            |    21 |     7 |     3 ||    31
  Block: Buckler           |    18 |     5 |     3 ||    26

Table legend: (Time is in decaauts)
 A = Elapsed time spent in this place.
 B = Non-inter-level travel time spent in this place.
 C = Inter-level travel time spent in this place.
 D = Time resting spent in this place.
 E = Time spent auto-exploring this place.
 F = Levels seen in this place.
 G = Mean time per level.
                   A        B        C        D        E       F      G
               +--------+--------+--------+--------+--------+-----+--------+
         Total |    584 |    584 |      0 |      0 |      0 |   6 |   97.3 |
       Dungeon |    584 |    584 |      0 |      0 |      0 |   6 |   97.3 |
               +--------+--------+--------+--------+--------+-----+--------+

Top non-repeatable levels by time:
     D:2: 294 daAuts
     D:4: 110 daAuts
     D:1: 63 daAuts
     D:6: 62 daAuts
     D:3: 37 daAuts
     D:5: 15 daAuts
